TOP OF THE 1ST |
Tuscaloosa Trout Slayers batting - Pitching for Waba Ducks : RHP Tyrone Williams
|
Pitching: RHP Tyrone Williams
|
|
Batting: RHB Lawrence Yates
|
0-0: Ball 1-0: Foul Ball, location: 2F 1-1: Ball 2-1: Ground out U3 (Groundball, 3S)
|
Batting: LHB Ed Hart
|
0-0: Ball 1-0: Ball 2-0: Called Strike 2-1: Foul Ball, location: 2F 2-2: Strikes out looking
|
Batting: LHB Albert Morgan
|
0-0: Ball 1-0: SINGLE (Groundball, 34S)
|
Batting: RHB Tetsunori Ito
|
0-0: Ball 1-0: Foul Ball, location: 2F 1-1: Foul Ball, location: 2F 1-2: SINGLE (Groundball, 34D) Albert Morgan to second Runner from 2nd tries for 3rd, SAFE, throw made to third
|
Batting: LHB Marcos Villarreal
|
0-0: Called Strike 0-1: Ball 1-1: Called Strike 1-2: Strikes out swinging
|
Top of the 1st over - 0 run(s), 2 hit(s), 0 error(s), 2 left on base; Tuscaloosa 0 - Waba 0 |
BOTTOM OF THE 1ST |
Waba Ducks batting - Pitching for Tuscaloosa Trout Slayers : RHP Matt McGinnity
|
Pitching: RHP Matt McGinnity
|
|
Batting: LHB Javier Orozco
|
0-0: SINGLE (Groundball, 34)
|
Batting: RHB Don Keating
|
0-0: Called Strike 0-1: Ball 1-1: SINGLE (Flyball, 9S) Javier Orozco to second Runner from 2nd tries for 3rd, SAFE, throw made to third
|
Batting: LHB Terry White
|
0-0: Ball 1-0: Called Strike 1-1: Called Strike 1-2: Strikes out looking
|
Batting: LHB Joe Sanders
|
0-0: Called Strike Don Keating is caught stealing 2nd base 0-1: Foul Ball, location: 2F 0-2: Ball 1-2: Foul Ball, location: 2F 1-2: Foul Ball, location: 2F 1-2: Ball 2-2: Ball Wild Pitch! Javier Orozco scores 3-2: Foul Ball, location: 2F 3-2: Foul Ball, location: 2F 3-2: Foul Ball, location: 2F 3-2: Fly out, F9 (Flyball, 89M)
|
Bottom of the 1st over - 1 run(s), 2 hit(s), 0 error(s), 0 left on base; Tuscaloosa 0 - Waba 1 |
TOP OF THE 2ND |
Tuscaloosa Trout Slayers batting - Pitching for Waba Ducks : RHP Tyrone Williams
|
Batting: LHB Ricardo Berroa
|
0-0: Called Strike 0-1: Ball 1-1: SINGLE (Line Drive, 6D)
|
Batting: RHB Shigemasa Ishida
|
0-0: Called Strike 0-1: Ball 1-1: Ground out 5-3 (Groundball, 5S) Ricardo Berroa to second
|
Batting: RHB Ben Morton
|
0-0: Ball 1-0: 2-RUN HOME RUN (Line Drive, 78XD), Distance : 373 ft
|
Batting: RHB Jason Saunders
|
0-0: Ball 1-0: Fly out, F2 (Popup, 23F)
|
Batting: RHB Lawrence Yates
|
0-0: Foul Ball, location: 2F 0-1: Foul Ball, location: 2F 0-2: Foul Ball, location: 2F 0-2: Foul Ball, location: 2F 0-2: SINGLE (Line Drive, 8LS)
|
Batting: LHB Ed Hart
|
0-0: Ball 1-0: Ball 2-0: Ball 3-0: Called Strike 3-1: Fly out, F7 (Flyball, 8LS)
|
Top of the 2nd over - 2 run(s), 3 hit(s), 0 error(s), 1 left on base; Tuscaloosa 2 - Waba 1 |
BOTTOM OF THE 2ND |
Waba Ducks batting - Pitching for Tuscaloosa Trout Slayers : RHP Matt McGinnity
|
Batting: RHB Ed Small
|
0-0: Ball 1-0: DOUBLE (Flyball, 89D)
|
Batting: RHB Pedro Molina
|
0-0: Called Strike 0-1: Fly out, F3 (Popup, 3DF)
|
Batting: LHB Joaquín González
|
0-0: Ball 1-0: Ball 2-0: Ball 3-0: Base on Balls
|
Batting: RHB Ángelo García
|
0-0: Ball Ed Small steals 3rd base Joaquín González to second 1-0: Ball 2-0: Ground out 5-3 (Groundball, 5L)
|
Batting: RHB António Valdéz
|
0-0: Ball 1-0: Called Strike 1-1: Swinging Strike 1-2: Fly out, F4 (Popup, 34)
|
Bottom of the 2nd over - 0 run(s), 1 hit(s), 0 error(s), 2 left on base; Tuscaloosa 2 - Waba 1 |
TOP OF THE 3RD |
Tuscaloosa Trout Slayers batting - Pitching for Waba Ducks : RHP Tyrone Williams
|
Batting: LHB Albert Morgan
|
0-0: Called Strike 0-1: Ball 1-1: Foul Ball, location: 2F 1-2: Ground out U3 (Groundball, 3L)
|
Batting: RHB Tetsunori Ito
|
0-0: Called Strike 0-1: Ground out 4-3 (Groundball, 4)
|
Batting: LHB Marcos Villarreal
|
0-0: Called Strike 0-1: DOUBLE (Flyball, 8LXD)
|
Batting: LHB Ricardo Berroa
|
0-0: Ball 1-0: Called Strike 1-1: Foul Ball, location: 2F 1-2: Foul Ball, location: 2F 1-2: Foul Ball, location: 2F 1-2: Ball 2-2: SINGLE (Line Drive, 78S) Marcos Villarreal to third
|
Batting: RHB Shigemasa Ishida
|
0-0: Called Strike 0-1: Ball 1-1: Foul Ball, location: 2F 1-2: Ball 2-2: 3-RUN HOME RUN (Flyball, 7D), Distance : 375 ft
|
Batting: RHB Ben Morton
|
0-0: Ball 1-0: DOUBLE (Popup, 9LS)
|
Batting: RHB Jason Saunders
|
0-0: Ball 1-0: Ball 2-0: Ball 3-0: Base on Balls
|
Batting: RHB Lawrence Yates
|
0-0: Foul Ball, location: 2F 0-1: Ball 1-1: Ball 2-1: Called Strike 2-2: Ball 3-2: Fly out, F8 (Line Drive, 8LD)
|
Top of the 3rd over - 3 run(s), 4 hit(s), 0 error(s), 2 left on base; Tuscaloosa 5 - Waba 1 |
BOTTOM OF THE 3RD |
Waba Ducks batting - Pitching for Tuscaloosa Trout Slayers : RHP Matt McGinnity
|
Batting: LHB Javier Orozco
|
0-0: Called Strike 0-1: Ball 1-1: Foul Ball, location: 2F 1-2: Fly out, F9 (Flyball, 9LMF)
|
Batting: RHB Don Keating
|
0-0: Fly out, F7 (Line Drive, 7LD)
|
Batting: LHB Terry White
|
0-0: SINGLE (Groundball, 5D)
|
Batting: LHB Joe Sanders
|
0-0: Ball 1-0: Ball 2-0: Swinging Strike Single, Error in OF, E7, batter to second base Terry White to third
|
Batting: RHB Ed Small
|
0-0: Ball 1-0: Ball 2-0: Foul Ball, location: 2F 2-1: Ball 3-1: Base on Balls
|
Batting: RHB Pedro Molina
|
0-0: Ball 1-0: Ball 2-0: Fly out, F9 (Flyball, 9D)
|
Bottom of the 3rd over - 0 run(s), 2 hit(s), 1 error(s), 3 left on base; Tuscaloosa 5 - Waba 1 |
TOP OF THE 4TH |
Tuscaloosa Trout Slayers batting - Pitching for Waba Ducks : RHP Tyrone Williams
|
Batting: LHB Ed Hart
|
0-0: Ball 1-0: SINGLE (Groundball, 4MD)
|
Batting: LHB Albert Morgan
|
0-0: Called Strike 0-1: Ball 1-1: Swinging Strike Single, Error in OF, E9, batter to second base Ed Hart to third
|
Batting: RHB Tetsunori Ito
|
0-0: Called Strike 0-1: Ball 1-1: Foul Ball, location: 2F 1-2: Ball 2-2: Ball 3-2: Foul Ball, location: 2F 3-2: Base on Balls
|
Pitching: LHP Dale Spencer
|
|
Batting: LHB Marcos Villarreal
|
0-0: Ball 1-0: SINGLE (Groundball, 4M) Ed Hart scores Albert Morgan to third Tetsunori Ito to second
|
Batting: LHB Ricardo Berroa
|
0-0: Foul Ball, location: 2F 0-1: Foul Ball, location: 2F 0-2: Fly out, F8 (Flyball, 8LM) Runner from 3rd tags up, SCORES, throw made
|
Batting: RHB Shigemasa Ishida
|
0-0: Ball 1-0: Called Strike 1-1: Ball 2-1: Called Strike 2-2: Ball 3-2: Base on Balls Tetsunori Ito to third Marcos Villarreal to second
|
Batting: RHB Ben Morton
|
0-0: Fly out, F3 (Popup, 3F)
|
Batting: RHB Jason Saunders
|
0-0: Called Strike 0-1: Called Strike 0-2: Ball 1-2: Reached on error, E5 (Groundball, 5) Tetsunori Ito scores Marcos Villarreal to third Shigemasa Ishida to second
|
Batting: RHB Lawrence Yates
|
0-0: Foul Ball, location: 2F 0-1: Ball 1-1: Foul Ball, location: 2F 1-2: SINGLE (Line Drive, 5D) Marcos Villarreal scores Shigemasa Ishida to third Jason Saunders to second Runner from 3rd tries for Home, SAFE, throw made home
|
Batting: LHB Ed Hart
|
0-0: Foul Ball, location: 2F 0-1: Ball 1-1: Ball 2-1: Foul Ball, location: 2F 2-2: Foul Ball, location: 2F 2-2: Ball 3-2: Fly out, F7 (Line Drive, 78D)
|
Top of the 4th over - 5 run(s), 4 hit(s), 2 error(s), 2 left on base; Tuscaloosa 10 - Waba 1 |
BOTTOM OF THE 4TH |
Waba Ducks batting - Pitching for Tuscaloosa Trout Slayers : RHP Matt McGinnity
|
Batting: LHB Joaquín González
|
0-0: Ball 1-0: Ground out 4-3 (Groundball, 34)
|
Batting: RHB Ángelo García
|
0-0: Ball 1-0: Ball 2-0: Ball 3-0: Called Strike 3-1: Called Strike 3-2: Foul Ball, location: 2F 3-2: Foul Ball, location: 2F 3-2: Strikes out looking
|
Batting: RHB António Valdéz
|
0-0: Called Strike 0-1: Foul Ball, location: 2F 0-2: Strikes out swinging
|
Bottom of the 4th over - 0 run(s), 0 hit(s), 0 error(s), 0 left on base; Tuscaloosa 10 - Waba 1 |
TOP OF THE 5TH |
Tuscaloosa Trout Slayers batting - Pitching for Waba Ducks : LHP Dale Spencer
|
Batting: LHB Albert Morgan
|
0-0: Foul Ball, location: 2F 0-1: Ball 1-1: Foul Ball, location: 2F 1-2: Foul Ball, location: 2F 1-2: Ball 2-2: Ball 3-2: Base on Balls
|
Batting: RHB Tetsunori Ito
|
0-0: Ball 1-0: Foul Ball, location: 2F 1-1: Fly out, F4 (Popup, 4D)
|
Batting: LHB Marcos Villarreal
|
0-0: Called Strike 0-1: Ball 1-1: Ball 2-1: Fly out, F9 (Flyball, 9S)
|
Batting: LHB Ricardo Berroa
|
0-0: Ball 1-0: Ball 2-0: Fly out, F8 (Flyball, 8LXD)
|
Top of the 5th over - 0 run(s), 0 hit(s), 0 error(s), 1 left on base; Tuscaloosa 10 - Waba 1 |
BOTTOM OF THE 5TH |
Waba Ducks batting - Pitching for Tuscaloosa Trout Slayers : RHP Matt McGinnity
|
Batting: LHB Javier Orozco
|
0-0: Foul Ball, location: 2F 0-1: Ball 1-1: Ball 2-1: Foul Ball, location: 2F 2-2: Ball 3-2: Foul Ball, location: 2F 3-2: Strikes out swinging
|
Batting: RHB Don Keating
|
0-0: Ball 1-0: Foul Ball, location: 2F 1-1: Foul Ball, location: 2F 1-2: Strikes out swinging
|
Batting: LHB Terry White
|
0-0: Ball 1-0: Foul Ball, location: 2F 1-1: Ball 2-1: Ball 3-1: Foul Ball, location: 2F 3-2: Foul Ball, location: 2F 3-2: Foul Ball, location: 2F 3-2: Foul Ball, location: 2F 3-2: SINGLE (Line Drive, 6M)
|
Batting: LHB Joe Sanders
|
0-0: Called Strike 0-1: Ball 1-1: Foul Ball, location: 2F 1-2: Ball 2-2: Foul Ball, location: 2F 2-2: Foul Ball, location: 2F 2-2: Fielders Choice at 2nd, U6 (Groundball, 6M)
|
Bottom of the 5th over - 0 run(s), 1 hit(s), 0 error(s), 1 left on base; Tuscaloosa 10 - Waba 1 |
TOP OF THE 6TH |
Tuscaloosa Trout Slayers batting - Pitching for Waba Ducks : LHP Dale Spencer
|
Batting: RHB Shigemasa Ishida
|
0-0: Ball 1-0: Ball 2-0: Foul Ball, location: 2F 2-1: Ball 3-1: Called Strike 3-2: SINGLE (Line Drive, 7S)
|
Batting: RHB Ben Morton
|
0-0: Ground out 5-3 (Groundball, 56S) Shigemasa Ishida to second
|
Batting: RHB Jason Saunders
|
0-0: Foul Ball, location: 2F 0-1: Ball 1-1: Foul Ball, location: 2F 1-2: Ball 2-2: Fly out, F9 (Flyball, 89M)
|
Batting: RHB Lawrence Yates
|
0-0: Called Strike 0-1: Ball 1-1: Ball 2-1: Ball 3-1: Foul Ball, location: 2F 3-2: Base on Balls
|
Batting: LHB Ed Hart
|
0-0: Ground out U3 (Groundball, 3S)
|
Top of the 6th over - 0 run(s), 1 hit(s), 0 error(s), 2 left on base; Tuscaloosa 10 - Waba 1 |
BOTTOM OF THE 6TH |
Waba Ducks batting - Pitching for Tuscaloosa Trout Slayers : RHP Matt McGinnity
|
Batting: RHB Ed Small
|
0-0: Called Strike 0-1: Called Strike 0-2: Ball 1-2: Ground out 1-3 (Groundball, 25)
|
Batting: RHB Pedro Molina
|
0-0: Ball 1-0: Ball 2-0: Ball 3-0: Called Strike 3-1: Fly out, F7 (Flyball, 78M)
|
Batting: LHB Joaquín González
|
0-0: Ball 1-0: Ball 2-0: Called Strike 2-1: Ball 3-1: Fly out, F8 (Flyball, 8LM)
|
Bottom of the 6th over - 0 run(s), 0 hit(s), 0 error(s), 0 left on base; Tuscaloosa 10 - Waba 1 |
TOP OF THE 7TH |
Tuscaloosa Trout Slayers batting - Pitching for Waba Ducks : LHP Dale Spencer
|
Batting: LHB Albert Morgan
|
0-0: Ball 1-0: Ball 2-0: Called Strike 2-1: SINGLE (Groundball, 34D)
|
Pitching: RHP Bernard Brown
|
|
Batting: RHB Tetsunori Ito
|
0-0: Ball 1-0: Ball 2-0: Fly out, F8 (Flyball, 8RM)
|
Batting: LHB Marcos Villarreal
|
0-0: Ball 1-0: Ball 2-0: Swinging Strike 2-1: SINGLE (Groundball, 4MD) (infield hit) Albert Morgan to second
|
Batting: LHB Ricardo Berroa
|
0-0: Called Strike 0-1: Ball 1-1: Fly out, F6 (Line Drive, 6)
|
Batting: RHB Shigemasa Ishida
|
0-0: Swinging Strike 0-1: Ball 1-1: Called Strike 1-2: Strikes out swinging
|
Top of the 7th over - 0 run(s), 2 hit(s), 0 error(s), 2 left on base; Tuscaloosa 10 - Waba 1 |
BOTTOM OF THE 7TH |
Waba Ducks batting - Pitching for Tuscaloosa Trout Slayers : RHP Matt McGinnity
|
Pitching: RHP Rafael Ramírez
|
|
Batting: RHB Ángelo García
|
0-0: Swinging Strike 0-1: Ball 1-1: Ball 2-1: Ball 3-1: Fly out, F9 (Flyball, 9S)
|
Batting: RHB António Valdéz
|
0-0: SINGLE (Groundball, 56D)
|
Batting: LHB Javier Orozco
|
0-0: Swinging Strike 0-1: Ball 1-1: SINGLE (Line Drive, 89S) António Valdéz to second
|
Batting: RHB Don Keating
|
0-0: Called Strike 0-1: Called Strike 0-2: Ball 1-2: Strikes out swinging
|
Batting: LHB Terry White
|
0-0: Called Strike 0-1: Foul Ball, location: 2F 0-2: Foul Ball, location: 2F 0-2: Foul Ball, location: 2F 0-2: Strikes out swinging
|
Bottom of the 7th over - 0 run(s), 2 hit(s), 0 error(s), 2 left on base; Tuscaloosa 10 - Waba 1 |
TOP OF THE 8TH |
Tuscaloosa Trout Slayers batting - Pitching for Waba Ducks : RHP Bernard Brown
|
Batting: RHB Ben Morton
|
0-0: Swinging Strike 0-1: Fly out, F3 (Popup, 3)
|
Batting: RHB Jason Saunders
|
0-0: Ground out 6-3 (Groundball, 6)
|
Batting: RHB Lawrence Yates
|
0-0: Ball 1-0: Swinging Strike 1-1: Ball 2-1: Foul Ball, location: 2F 2-2: Ball 3-2: SINGLE (Groundball, 56D)
|
Batting: LHB Ed Hart
|
0-0: Ball 1-0: Called Strike 1-1: Ball 2-1: Ball 3-1: Base on Balls Lawrence Yates to second
|
Batting: LHB Albert Morgan
|
0-0: Ball 1-0: Ball 2-0: SINGLE (Flyball, 9LS) Lawrence Yates to third Ed Hart to second Runner from 3rd tries for Home, SAFE, throw made at trailing runner, OUT at third!
|
Top of the 8th over - 1 run(s), 2 hit(s), 0 error(s), 1 left on base; Tuscaloosa 11 - Waba 1 |
BOTTOM OF THE 8TH |
Waba Ducks batting - Pitching for Tuscaloosa Trout Slayers : RHP Rafael Ramírez
|
Now in RF: Lowie van den Bogaert
|
|
Batting: LHB Joe Sanders
|
0-0: Ball 1-0: Ball 2-0: Called Strike 2-1: Called Strike
|
|
|
|
2-2: Foul Ball, location: 2F 2-2: Strikes out swinging
|
Batting: RHB Ed Small
|
0-0: Ball 1-0: Called Strike 1-1: Ball 2-1: Called Strike 2-2: Ground out 6-3 (Groundball, 6M)
|
Batting: RHB Pedro Molina
|
0-0: Called Strike 0-1: Ball 1-1: Ball 2-1: Foul Ball, location: 2F 2-2: Fly out, F6 (Popup, 6)
|
Bottom of the 8th over - 0 run(s), 0 hit(s), 0 error(s), 0 left on base; Tuscaloosa 11 - Waba 1 |
TOP OF THE 9TH |
Tuscaloosa Trout Slayers batting - Pitching for Waba Ducks : RHP Bernard Brown
|
Batting: RHB Tetsunori Ito
|
0-0: Ball 1-0: DOUBLE (Line Drive, 78D)
|
Batting: LHB Marcos Villarreal
|
0-0: Ball 1-0: Called Strike 1-1: Foul Ball, location: 2F 1-2: Fly out, F8 (Line Drive, 8LM) Runner from 2nd tags up, SAFE at 3rd with throw
|
Batting: LHB Ricardo Berroa
|
0-0: Ball 1-0: Foul Ball, location: 2F 1-1: Ball 2-1: Swinging Strike 2-2: Ball 3-2: Strikes out swinging
|
Batting: RHB Shigemasa Ishida
|
0-0: Called Strike 0-1: Called Strike 0-2: Ball 1-2: Ball 2-2: Ball 3-2: Base on Balls
|
Batting: RHB Ben Morton
|
0-0: Swinging Strike 0-1: Foul Ball, location: 2F 0-2: Ball 1-2: Foul Ball, location: 2F 1-2: Ball 2-2: Ball 3-2: Foul Ball, location: 2F 3-2: Foul Ball, location: 2F 3-2: Fly out, F9 (Flyball, 9M)
|
Top of the 9th over - 0 run(s), 1 hit(s), 0 error(s), 2 left on base; Tuscaloosa 11 - Waba 1 |
BOTTOM OF THE 9TH |
Waba Ducks batting - Pitching for Tuscaloosa Trout Slayers : RHP Rafael Ramírez
|
Batting: LHB Joaquín González
|
0-0: Ball 1-0: Ball 2-0: Foul Ball, location: 2F 2-1: Called Strike 2-2: Fly out, F2 (Popup, 2LF)
|
Pinch Hitting: RHB Chris Osborn
|
0-0: Foul Ball, location: 2F 0-1: Foul Ball, location: 2F 0-2: Ball 1-2: Ball 2-2: Ball 3-2: Foul Ball, location: 2F 3-2: SOLO HOME RUN (Flyball, 9D), Distance : 375 ft
|
Batting: RHB António Valdéz
|
0-0: Foul Ball, location: 2F 0-1: Foul Ball, location: 2F 0-2: Ball 1-2: Ball 2-2: Ball 3-2: Base on Balls
|
Batting: LHB Javier Orozco
|
0-0: Called Strike 0-1: Foul Ball, location: 2F 0-2: Ball 1-2: Foul Ball, location: 2F 1-2: Ball 2-2: Strikes out swinging
|
Batting: RHB Don Keating
|
0-0: Foul Ball, location: 2F 0-1: Fly out, F9 (Flyball, 9LD)
|
Bottom of the 9th over - 1 run(s), 1 hit(s), 0 error(s), 1 left on base; Tuscaloosa 11 - Waba 2 |
|
Monday, December 5th, 2016 - OOTP Baseball 17.12 Build 75
|
|